Map: Overgrown Facility

Players

PureLegacy

  • Race: Terran Terran
  • Spawn Location: 7:00

dutchwraptor

  • Race: Zerg Zerg
  • Spawn Location: 9:00

tNoMercy

  • Race: Protoss Protoss
  • League: Master
  • Spawn Location: 1:00

Sagan

  • Race: Protoss Protoss
  • League: Master
  • Spawn Location: 3:00

VOD

Have the link to the VOD?

Description

Time

  • Played on: Nov. 27, 2018, 4 p.m.
  • Length: 11:49
Show
View Real Time Build Order
Export as new Build Order

PureLegacy Terran 

Build Orders: Reaper Expand 

Get SALT Encoding   

  12  0:00  SCV  
  13  0:12  SCV  
  14  0:18  Supply Depot  
  15  0:28  SCV  
  15  0:40  SCV  
  15  0:42  Barracks  
  16  0:45  Refinery  
  16  0:52  SCV  
  17  1:04  SCV  
  18  1:16  SCV  
  19  1:30  Reaper, Orbital Command  
  20  1:44  Command Center  
  20  1:51  Supply Depot  
  20  1:56  SCV  
  21  2:02  Barracks Reactor  
  21  2:08  SCV  
  21  2:13  Barracks  
  22  2:18  Barracks  
  22  2:20  SCV  
  23  2:33  Bunker  
  23  2:34  SCV  
  24  2:39  Marine  
  24  2:40  Marine  
  26  2:46  Supply Depot, SCV  
  27  2:57  Marine x2  
  29  3:00  Orbital Command  
  29  3:01  Barracks Tech Lab  
  29  3:02  SCV  
  30  3:06  Marine  
  30  3:10  Refinery  
  31  3:16  SCV  
  32  3:21  Marine x2  
  32  3:23  Stimpack  
  34  3:28  SCV  
  34  3:31  SCV  
  36  3:35  Engineering Bay  
  36  3:40  SCV  
  37  3:43  Marine x2  
  37  3:44  Marine x2  
  37  3:46  SCV  
  42  3:51  Factory  
  42  3:52  SCV  
  43  4:00  SCV  
  43  4:02  Terran Infantry Weapons Level 1  
  43  4:04  SCV  
  43  4:08  Supply Depot  
  44  4:10  Missile Turret  
  44  4:15  SCV  
  44  4:16  SCV  
  46  4:18  Missile Turret  
  46  4:22  Marine x2  
  46  4:23  Marine x2  
  50  4:27  SCV  
  50  4:28  SCV  
  50  4:30  Supply Depot  
  52  4:36  Starport  
  52  4:37  Factory Reactor  
  52  4:40  SCV  
  52  4:41  SCV  
  54  4:47  Barracks Reactor  
  54  4:48  Barracks  
  54  4:51  Barracks  
  54  4:54  SCV x2  
  56  5:01  Refinery  
  56  5:03  Refinery, Supply Depot  
  56  5:04  Marine x2  
  58  5:07  Marine  
  58  5:09  SCV x2  
  61  5:19  Supply Depot  
  62  5:21  Factory Tech Lab, SCV x2  
  62  5:24  Medivac x2  
  67  5:28  Supply Depot  
  67  5:30  Marine x3  
  67  5:32  Marine  
  71  5:38  SCV  
  71  5:39  Barracks Reactor  
  71  5:40  Supply Depot, Barracks Reactor  
  72  5:43  Combat Shield  
  72  5:47  Marine  
  73  5:52  Siege Tank  
  73  5:56  Supply Depot x2  
  76  5:59  Marine  
  76  6:00  Marine x3  
  76  6:04  Terran Infantry Armor Level 1  
  80  6:05  Marine  
  81  6:17  Marine x3  
  81  6:18  Marine  
  85  6:20  Medivac x2  
  85  6:21  Marine  
  85  6:22  Supply Depot, Marine x3  
  93  6:27  Marine  
  93  6:31  Siege Tank  
  97  6:39  Liberator, Marine x4  
  101  6:42  Liberator  
  101  6:43  Supply Depot  
  101  6:45  Marine  
  101  6:46  Marine x3  
  105  6:53  Marine  
  106  6:56  Marine  
  113  7:01  Marine x2  
  113  7:07  Marine x2  
  117  7:08  Supply Depot  
  116  7:22  Liberator  
  112  7:25  Liberator  
  112  7:29  Marine x6  
  94  7:31  Marine  
  94  7:35  Siege Tank  
  94  7:36  Marine  
  96  8:05  Liberator  
  89  8:07  Siege Tank  
  89  8:09  Marine x6  
  98  8:16  Marine x3  
  101  8:23  Supply Depot  
  101  8:25  Medivac, Command Center  
  106  8:36  Marine x5  
  106  8:39  Siege Tank  
  106  8:40  Marine x2  
  106  8:55  Medivac  
  108  9:01  Marine x4  
  112  9:09  Liberator x2  
  111  9:11  Siege Tank  
  111  9:12  Marine x4  
  111  9:15  Marine  
  119  9:23  Marine x3  
  119  9:24  Marine  
  129  9:34  Marine x4  
  133  9:40  Marine  
  133  9:41  Marine x3  
  133  9:43  Siege Tank  
  127  10:00  Liberator  
  127  10:03  Marine x2  
  127  10:05  Liberator  
  127  10:06  Marine x6  
  133  10:07  Marauder  
  132  10:15  Siege Tank  
  137  10:33  Marine x2  
  131  10:36  Marine x5  
  135  10:48  Marine x2  
  112  11:07  Marine x2  
  112  11:09  Marine x3  
Show
View Real Time Build Order
Export as new Build Order

dutchwraptor Zerg 

Build Orders: Hatch First 

Get SALT Encoding   

  12  0:02  Drone  
  13  0:13  Overlord  
  13  0:18  Drone  
  14  0:31  Drone x2  
  16  0:54  Drone, Hatchery  
  16  0:58  Drone  
  17  1:14  Spawning Pool  
  17  1:16  Drone  
  17  1:17  Extractor  
  16  1:21  Drone  
  17  1:28  Drone  
  17  1:32  Extractor  
  17  1:33  Drone  
  18  1:40  Drone  
  19  1:51  Drone  
  20  2:02  Queen  
  20  2:06  Drone  
  20  2:07  Queen  
  25  2:12  Drone  
  27  2:18  Drone  
  27  2:27  Roach Warren  
  27  2:28  Drone  
  27  2:35  Drone  
  28  2:46  Lair  
  28  2:49  Overlord  
  28  2:59  Extractor  
  28  3:04  Evolution Chamber  
  22  3:28  Roach x3  
  22  3:29  Roach  
  28  3:35  Drone  
  27  4:00  Drone  
  27  4:02  Overlord  
  28  4:15  Glial Reconstitution  
  28  4:26  Drone  
  29  4:31  Drone  
  29  4:37  Drone  
  31  4:43  Drone  
  32  4:48  Drone  
  32  4:52  Drone  
  34  4:55  Drone  
  35  5:01  Zerg Missile Weapons Level 1  
  35  5:03  Drone  
  36  5:08  Overlord  
  36  5:26  Drone  
  36  5:27  Drone x5  
  41  5:39  Drone x3  
  41  5:40  Overlord  
  44  5:49  Overlord  
  44  6:00  Drone, Overlord x3  
  45  6:07  Roach x2  
  51  6:11  Roach  
  51  6:12  Drone  
  51  6:15  Drone x2  
  51  6:17  Drone  
  55  6:21  Drone  
  55  6:25  Extractor  
  55  6:28  Roach x2  
  59  6:44  Drone x3  
  59  6:45  Drone  
  63  6:56  Drone, Roach x2  
  63  6:57  Hatchery  
  67  7:05  Zerg Missile Weapons Level 2  
  67  7:10  Roach x3  
  67  7:11  Evolution Chamber  
  72  7:16  Roach x2  
  72  7:17  Roach  
  72  7:18  Roach  
  80  7:29  Roach  
  80  7:33  Roach  
  80  7:38  Drone  
  80  7:39  Drone x3  
  84  7:47  Overlord  
  84  7:57  Roach  
  84  7:58  Roach  
  80  8:00  Drone  
  77  8:12  Drone x5  
  72  8:20  Drone x3  
  75  8:27  Roach  
  75  8:31  Overlord x3  
  75  8:32  Overlord x2  
  77  8:43  Zerg Ground Armor Level 1  
  77  8:48  Overlord x3  
  77  8:52  Roach x2  
  77  8:54  Drone  
  82  9:01  Drone x3  
  87  9:06  Roach x3  
  92  9:16  Roach x2  
  90  9:28  Roach x3  
  90  9:29  Roach x2  
  76  9:39  Roach x2  
  65  9:50  Roach  
  59  9:56  Roach  
  54  10:11  Roach  
  56  10:17  Roach  
  56  10:19  Roach  
  60  10:27  Roach  
  60  10:28  Roach  
  64  10:30  Drone x3  
  64  10:33  Hatchery  
  66  10:45  Roach  
  68  10:52  Drone  
  68  10:55  Hatchery  
  68  10:58  Drone x2  
  68  10:59  Drone  
  71  11:10  Roach  
  73  11:24  Roach x3, Spawning Pool  
  73  11:25  Roach  
Show
View Real Time Build Order
Export as new Build Order

tNoMercy Protoss 

Build Orders: Colossus Rush 

Get SALT Encoding   

  12  0:00  Probe  
  13  0:13  Probe  
  14  0:18  Pylon  
  14  0:24  Probe  
  15  0:32  Probe  
  15  0:40  Probe  
  15  0:41  Gateway  
  16  0:48  Assimilator  
  17  0:51  Probe  
  18  1:03  Probe  
  19  1:08  Gateway  
  19  1:14  Assimilator  
  19  1:15  Probe  
  20  1:27  Probe  
  21  1:34  Cybernetics Core  
  21  1:39  Probe  
  22  1:43  Pylon  
  22  1:52  Probe  
  23  2:02  Adept x2  
  23  2:06  Warp Gate  
  27  2:23  Nexus  
  27  2:35  Stalker  
  29  2:43  Adept  
  31  2:59  Pylon  
  31  3:17  Probe  
  32  3:29  Probe  
  31  3:38  Probe  
  32  3:41  Probe  
  32  3:44  Twilight Council  
  33  3:49  Probe  
  33  3:54  Probe  
  33  3:56  Robotics Facility  
  33  3:57  Probe  
  33  3:59  Gateway  
  33  4:01  Gateway  
  34  4:05  Probe  
  34  4:06  Probe  
  34  4:08  Sentry x2  
  40  4:16  Probe  
  40  4:18  Probe  
  40  4:22  Charge  
  42  4:30  Probe  
  43  4:33  Stalker, Zealot  
  43  4:35  Probe  
  48  4:39  Assimilator  
  48  4:41  Pylon  
  48  4:42  Probe  
  48  4:43  Observer  
  50  4:47  Probe  
  51  4:53  Pylon  
  51  4:54  Probe  
  51  4:59  Probe  
  53  5:06  Probe  
  54  5:08  Robotics Bay  
  54  5:11  Probe  
  55  5:18  Probe  
  55  5:20  Sentry  
  55  5:21  Stalker  
  60  5:23  Probe, Zealot x2  
  65  5:30  Probe  
  65  5:31  Pylon  
  65  5:35  Probe  
  67  5:38  Colossus  
  67  5:47  Gateway  
  67  5:48  Gateway  
  67  5:49  Probe  
  69  5:50  Probe  
  69  5:52  Assimilator  
  69  5:54  Pylon  
  69  5:55  Pylon  
  75  6:02  Extended Thermal Lance  
  75  6:03  Pylon  
  75  6:10  Zealot  
  77  6:20  Zealot  
  77  6:21  Zealot x2  
  77  6:23  Pylon  
  83  6:28  Colossus  
  88  6:42  Zealot x2  
  88  6:43  Zealot x3  
  98  6:47  Pylon  
  98  6:56  Probe  
  99  7:01  Forge  
  99  7:04  Pylon  
  99  7:06  Stalker x3  
  105  7:31  Colossus  
  105  7:33  Zealot x3  
  105  7:34  Zealot x2  
  103  8:04  Protoss Ground Weapons Level 1  
  103  8:05  Probe x2  
  83  8:11  Zealot x4  
  83  8:12  Zealot x2  
  95  8:14  Blink  
  96  8:24  Colossus, Nexus  
  101  8:33  Stalker x2  
  105  8:52  Probe  
  105  8:53  Probe  
  107  9:03  Stalker x4  
  107  9:04  Stalker x2, Probe  
  107  9:05  Probe  
  121  9:14  Colossus  
  125  9:30  Protoss Ground Weapons Level 2  
  107  9:52  Zealot  
  107  9:53  Zealot x5  
  115  10:16  Zealot x3  
  115  10:17  Zealot x3  
  115  10:21  Pylon x2  
  127  10:27  Photon Cannon  
  127  10:28  Photon Cannon  
  127  10:29  Assimilator  
  127  10:32  Dark Shrine  
  127  10:34  Gateway x2  
  127  10:42  Colossus  
  119  11:19  Zealot x2  
  119  11:20  Zealot x4  
  131  11:29  Gateway  
  131  11:31  Assimilator  
  131  11:32  Gateway  
  127  11:34  Photon Cannon  
  127  11:35  Gateway  
  127  11:36  Photon Cannon  
Show
View Real Time Build Order
Export as new Build Order

Sagan Protoss 

Build Orders: Colossus Rush 

Get SALT Encoding   

  12  0:01  Probe  
  13  0:13  Probe  
  14  0:18  Pylon  
  14  0:24  Probe  
  15  0:32  Probe  
  15  0:40  Gateway, Probe  
  16  0:48  Assimilator  
  17  0:51  Probe  
  17  0:56  Assimilator  
  18  1:03  Probe  
  19  1:10  Gateway  
  19  1:11  Probe  
  20  1:19  Probe  
  21  1:32  Cybernetics Core  
  21  1:33  Probe  
  22  1:41  Pylon  
  22  1:47  Probe  
  23  1:59  Warp Gate  
  23  2:09  Adept x2  
  25  2:47  Probe  
  26  2:51  Nexus  
  26  2:56  Stalker x2  
  30  2:59  Probe  
  31  3:18  Pylon  
  31  3:33  Robotics Facility  
  31  3:35  Probe  
  32  3:44  Probe  
  33  3:52  Probe  
  33  4:02  Probe  
  34  4:03  Probe  
  34  4:05  Stalker  
  34  4:07  Sentry  
  40  4:14  Probe, Shield Battery  
  40  4:15  Probe  
  42  4:26  Probe  
  42  4:27  Probe  
  42  4:30  Gateway  
  44  4:33  Gateway  
  44  4:35  Probe  
  44  4:36  Probe  
  44  4:40  Pylon  
  44  4:43  Probe  
  46  4:49  Robotics Bay  
  46  4:50  Sentry  
  46  4:51  Probe, Sentry  
  51  4:54  Probe, Observer  
  54  5:03  Probe  
  54  5:04  Assimilator  
  54  5:06  Assimilator, Probe  
  56  5:14  Stalker  
  56  5:15  Probe  
  56  5:19  Stalker  
  61  5:23  Probe  
  61  5:27  Extended Thermal Lance  
  62  5:37  Pylon  
  62  5:41  Pylon  
  62  5:42  Pylon  
  62  5:50  Colossus  
  62  5:55  Probe x2  
  62  5:56  Stalker x2  
  62  5:57  Stalker  
  74  6:13  Sentry  
  76  6:19  Probe x2  
  78  6:31  Forge x2  
  78  6:32  Stalker  
  78  6:33  Stalker  
  82  6:41  Robotics Facility  
  82  6:43  Sentry x2  
  82  6:44  Protoss Ground Weapons Level 1  
  84  6:56  Stalker, Protoss Ground Armor Level 1  
  84  7:00  Pylon  
  84  7:01  Pylon  
  86  7:18  Colossus  
  77  7:31  Stalker x3  
  77  7:37  Probe  
  84  7:45  Colossus  
  90  7:58  Nexus  
  88  8:16  Probe x2  
  90  8:20  Stalker x4  
  90  8:24  Twilight Council  
  98  8:28  Probe x2  
  98  8:33  Pylon  
  100  8:35  Pylon  
  100  8:38  Pylon  
  100  8:40  Probe  
  101  8:46  Probe  
  102  8:52  Probe, Pylon x2, Observer  
  102  8:53  Pylon  
  104  8:58  Probe  
  105  9:03  Pylon  
  105  9:04  Pylon  
  103  9:13  Stalker x4  
  100  9:31  Colossus  
  112  9:41  Gateway  
  100  10:05  Stalker  
  100  10:06  Stalker  
  87  10:09  Sentry  
  88  10:26  Gateway  
  88  10:29  Gateway, Disruptor  
  91  10:36  Stalker x3  
  97  10:51  Stargate  
  91  10:59  Stalker x2  
  91  11:00  Stalker  
  93  11:29  Nexus, Probe  
Tags
 
Add a new tag
Caveats
  • Supply blocks, unpowered buildings, or Contaminate may cause inaccurate times.
  • Supply counts are checked every 10 seconds.